 Dungeon Crawl Stone Soup version 0.31-a0-851-g7ff8af7976 (webtiles) character file.

Game seed: 15133397387883498050

19 MachoJfn the Digger (level 2, -6/15 HPs)
             Began as a Gargoyle Earth Elementalist on Oct 5, 2023.
             Mangled by an orc
             ... wielding a +0 trident
              (7 damage)
             ... on level 2 of the Dungeon.
             The game lasted 00:02:55 (799 turns).

MachoJfn the Digger (Gargoyle Earth Elementalist)    Turns: 799, Time: 00:02:56

Health: -6/15      AC:  5    Str: 11    XL:     2   Next: 75%
Magic:  3/5        EV: 11    Int: 15    God:
Gold:   70         SH:  0    Dex: 10    Spells: 4/5 levels left

rFire   . . .        c - +0 dagger
rCold   . . .        (no shield)
rNeg    + . .        d - +0 leather armour
rPois   ∞            (no helmet)
rElec   +            (no cloak)
rCorr   .            (no gloves)
SInv    .            (no boots)
Will    .....        (no amulet)
Stlth   ++           (no ring)
HPRegen 0.22/turn    (no ring)
MPRegen 0.09/turn

%: no passive effects
@: no status effects
A: sickness immunity, AC +2, negative energy resistance 1, electricity
resistance, torment resistance 1, petrification resistance
a: no special abilities


You were on level 2 of the Dungeon.
You visited 1 branch of the dungeon, and saw 2 of its levels.

You collected 70 gold pieces.

Inventory:

Hand Weapons
 c - a +0 dagger (weapon)
Armour
 d - a +0 leather armour (worn)
Magical Staves
 f - a staff of cold
Potions
 b - a potion of magic


   Skills:
 + Level 1.5 Dodging
 + Level 2.3 Stealth
 + Level 2.4 Spellcasting
 + Level 1.0 Transmutations
 + Level 4.1 Earth Magic


You had 4 spell levels left.
You knew the following spells:

 Your Spells              Type           Power      Damage    Failure   Level
a - Sandblast             Erth           28%        2d8       4%          1

Your spell library contained the following spells:

 Spells                   Type           Power      Damage    Failure   Level
 Passwall                 Tmut/Erth      7%         N/A       14%         2
 Stone Arrow              Conj/Erth      16%        3d8       34%         3
 Lesser Beckoning         Tloc           2%         N/A       38%         2
 Gell's Gravitas          Tloc           1%         N/A       63%         3
 Teleport Other           Tloc           1%         N/A       63%         3
 Tukima's Dance           Hex            1%         N/A       63%         3
 Petrify                  Tmut/Erth      9%         N/A       67%         4
 Brom's Barrelling Bould  Conj/Erth      8%         2d3       75%         4
 Passage of Golubria      Tloc           1%         N/A       95%         4
 Yara's Violent Unravell  Hex/Tmut       1%         3d3       99%         5


Dungeon Overview and Level Annotations

Branches:
Dungeon (2/15)

Altars:


Innate Abilities, Weirdness & Mutations

You are immune to sickness and miasma.
Your stone body is resilient. (AC +2)
You are immune to poison.
You resist negative energy. (rN+)
You are resistant to electric shocks. (rElec)
You are resistant to unholy torment.
You are immune to petrification.


Message History

Deactivating autopickup; reactivate with Ctrl-A.
A hobgoblin comes into view.
The orc closely misses you. The orc closely misses you.
The orc hits you from afar with a +0 trident.
Casting: Sandblast (safe; 4% risk of failure)
Confirm with . or Enter, or press ? or * to list all spells.
Aiming: Sandblast (safe; 4% risk of failure)
Press: ? - help, Shift-Dir - straight line, f/p - orc
Aim: an orc, wielding a +0 mace and wearing a +0 scale mail (84% to hit)
The blast of sand hits the orc but does no damage.
The orc hits you with a +0 mace. The orc hits you but does no damage.
The orc barely misses you.
The orc hits you from afar with a +0 trident!
* * * LOW HITPOINT WARNING * * *
Blink to where?
Press: ? - help, Dir - move target, p - orc
As you read the scroll labelled TAOTA YTWEA, it crumbles to dust.
It was a scroll of blinking.
As you read the scroll labelled MUHEABR EJEJO, it crumbles to dust.
It is a scroll of amnesia.
Okay, then.
You open the door.
Found a faded altar of an unknown god.
An adder comes into view.
There is an open door here.
The orc attacks as it pursues you! The orc hits you with a +0 mace.
* * * LOW HITPOINT WARNING * * *
Casting: Sandblast (safe; 4% risk of failure)
Confirm with . or Enter, or press ? or * to list all spells.
Aiming: Sandblast (safe; 4% risk of failure)
Press: ? - help, Shift-Dir - straight line, f - orc
Aim: an orc, wielding a +0 mace and wearing a +0 scale mail (84% to hit)
The blast of sand hits the orc.
The orc is lightly wounded.
The adder hisses angrily.
The orc hits you with a +0 mace.
* * * LOW HITPOINT WARNING * * *
The orc hits you from afar with a +0 trident!
You die...

###...#
#...#......
#.#######..
#o# #.#
#.######
#.o.o..#
#####o#####
#@.S..#
#8###.# #..
#.#g P.#.+
_P# # P##
.#


You could see an adder, 2 orcs and a hobgoblin (asleep).

Vanquished Creatures
  A dart slug (D:1)
  2 endoplasms
  4 goblins
  A hobgoblin (D:1)
  3 ball pythons (D:1)
  2 frilled lizards (D:1)
  2 kobolds (D:1)
  3 rats (D:1)
18 creatures vanquished.

Notes
Turn   | Place    | Note
-------+----------+-------------------------------------------
     0 | D:1      | MachoJfn the Gargoyle Earth Elementalist began the quest
                  | for the Orb.
     0 | D:1      | Reached XP level 1. HP: 10/10 MP: 3/3
    81 | D:1      | Reached skill level 1 in Transmutations
   145 | D:1      | Reached XP level 2. HP: 15/15 MP: 0/5
   196 | D:1      | You fall into a shaft and drop 1 floor!
   241 | D:1      | Reached skill level 4 in Earth Magic
   796 | D:2      | Found a faded altar of an unknown god.
   799 | D:2      | Mangled by an orc

Illustrated notes

Levels and vault maps discovered:
D:1:      lightli_arrival_boilingwater, layout_rooms, minmay_misc_feat_roman,
          minmay_misc_feat_diagonals, grunt_decor_mini_mirrors,
          dk_noncrumbling_2, roderic_serpentine_path
D:2:      cheibrodos_pilgrimage, layout_loops_ring,
          shapermc_ecumenical_altar_ellora

Skill      XL: |  1  2 |
---------------+-------+-----
Transmutations | 1 |  1.0
Earth Magic    | 4 |  4.1
Dodging        | |  1.5
Stealth        | |  2.3
Spellcasting   | |  2.4

Action                     || total
---------------------------++-------
  Melee: Dagger            ||     6
   Cast: Sandblast         ||    27
    Use: Scroll            ||     2
 Armour: Robe              ||     1
         Leather armour    ||    14
  Dodge: Dodged            ||     7

Table legend: (Time is in decaauts)
 A = Elapsed time spent in this place.
 B = Non-inter-level travel time spent in this place.
 C = Inter-level travel time spent in this place.
 D = Time resting spent in this place.
 E = Time spent auto-exploring this place.
 F = Levels seen in this place.
 G = Mean time per level.
                   A        B        C        D        E       F      G
               +--------+--------+--------+--------+--------+-----+--------+
         Total |    813 |    747 |     66 |     34 |    533 |   2 |  406.5 |
       Dungeon |    813 |    747 |     66 |     34 |    533 |   2 |  406.5 |
               +--------+--------+--------+--------+--------+-----+--------+

Top non-repeatable levels by time:
     D:1: 710 daAuts
     D:2: 102 daAuts
